 Dungeon Crawl Stone Soup version 0.24-a0-434-gd57e52fea8 (webtiles) character file.

Game seed: 9632224191800019362

2390 tilp the Slicer (level 9, 0/44 HPs)
             Began as a Vine Stalker Assassin on June 16, 2019.
             Was a Follower of Makhleb.
             Slain by a two-headed ogre
             ... wielding a +0 giant club
              (4 damage)
             ... on level 8 of the Dungeon.
             The game lasted 00:27:06 (8469 turns).

tilp the Slicer (Vine Stalker Assassin)             Turns: 8469, Time: 00:27:06

Health: 0/44       AC: 11    Str: 16    XL:     9   Next: 46%
Magic:  0/10       EV: 11    Int: 11    God:    Makhleb [*.....]
Gold:   389        SH:  0    Dex: 17    Spells: 8/8 levels left

rFire    . . .     SeeInvis .   w - +1 rapier
rCold    . . .     Gourm    .   (no shield)
rNeg     . . .     Faith    .   l - +0 chain mail
rPois    .         Spirit   +   (no helmet)
rElec    .         Reflect  .   c - +0 cloak
rCorr    .         Harm     .   Q - +0 pair of gloves
MR       ++...                  y - +0 pair of boots
Stlth    +.........             (no amulet)
HPRegen  0.54/turn              F - ring of protection from magic
MPRegen  0.12/turn              r - +3 ring of evasion

@: drained
A: fangs 3, regeneration 1, magic shield, antimagic bite, no potion heal 3, rot
immunity
a: Renounce Religion


You were on level 8 of the Dungeon.
You worshipped Makhleb.
Makhleb was aware of your devotion.
You were very hungry.

You visited 2 branches of the dungeon, and saw 9 of its levels.
You also visited: Ossuary.

You collected 389 gold pieces.

Inventory:

Hand Weapons
 a - a +2 dagger
 j - a +0 dagger of draining
 w - a +1 rapier (weapon)
Missiles
 d - 61 poisoned darts (quivered)
 e - 2 curare-tipped darts
 h - 211 stones
 k - 23 bolts
 L - 2 silver boomerangs
Armour
 c - a +0 cloak (worn)
 l - a +0 chain mail (worn)
 y - a +0 pair of boots (worn)
 Q - a +0 pair of gloves (worn)
Magical Staves
 P - an uncursed staff of summoning {unknown}
Jewellery
 o - an uncursed ring of flight
 r - a +3 ring of evasion (right hand)
 F - a ring of protection from magic (left hand)
 G - an uncursed ring of protection from magic
 M - a cursed ring of attention {unknown}
Wands
 u - a wand of flame (20)
 H - a wand of iceblast (12)
 I - a wand of polymorph (10)
Scrolls
 g - 2 scrolls of fear
 i - a scroll of magic mapping {unknown}
 n - a scroll of teleportation
 p - a scroll of enchant weapon
 q - a scroll of amnesia {unknown}
 s - 3 scrolls of remove curse
 x - a scroll of noise {unknown}
 z - a scroll of enchant armour {unknown}
 B - 4 scrolls of immolation
 J - a scroll of vulnerability {unknown}
 K - a scroll of torment {unknown}
 O - a scroll of blinking
Potions
 b - a potion of flight
 m - 3 potions of agility
 t - a potion of mutation
 v - 6 potions of curing
 A - a potion of brilliance
 C - a potion of ambrosia
 D - a potion of magic {unknown}
 E - 2 potions of haste
 N - a potion of cancellation
Comestibles
 f - 20 rations


   Skills:
 - Level 3.1(2.3) Fighting
 + Level 9.2(8.3) Short Blades
 - Level 1.7(1.0) Throwing
 - Level 4.2(3.4) Dodging
 - Level 8.0(7.1) Stealth


You had 8 spell levels left.
You didn't know any spells.
Your spell library was empty.

Dungeon Overview and Level Annotations

Branches:
Dungeon (8/15)             Temple (1/1) D:7
   Lair: D:8-11

Altars:
Ashenzari
Cheibriados
Dithmenos
Elyvilon
Fedhas
Gozag
Hepliaklqana
Kikubaaqudgha
Makhleb
Nemelex Xobeh
Okawaru
Qazlal
Ru
Sif Muna
Trog
Uskayaw
Vehumet
Wu Jian
Xom
Yredelemnul
Zin
The Shining One


Innate Abilities, Weirdness & Mutations

You have razor-sharp teeth.
Your natural rate of healing is unusually fast.
When hurt, damage is shared between your health and your magic reserves.
Your bite disrupts and absorbs the magic of your enemies.
Potions cannot restore your health.
You are immune to rotting.


Message History

You hit the two-headed ogre but do no damage.
You bite the two-headed ogre. You drain its power.
You feel invigorated.
The two-headed ogre is moderately wounded.
You hit the two-headed ogre.
The two-headed ogre is heavily wounded.
The two-headed ogre barely misses you.
The two-headed ogre hits you with a +0 giant spiked club!
* * * LOW HITPOINT WARNING * * *
You puncture the two-headed ogre!
The two-headed ogre is severely wounded.
Your chain mail prevents you from hitting the two-headed ogre.
The two-headed ogre is severely wounded.
The two-headed ogre closely misses you.
The two-headed ogre hits you with a +0 giant spiked club!
* * * LOW HITPOINT WARNING * * *
You hit the two-headed ogre but do no damage.
The two-headed ogre is severely wounded.
The two-headed ogre barely misses you.
The two-headed ogre hits you with a +0 giant spiked club.
You die...

..## ##..........#
#.# ...##
##...........# ###.#
###.###.#.##.......#
#...#
##.#.#..##.......#
#(###
##..#.###.####### #.#
##.#.###.# #(#
#.......# #.#
###(###############.#
#...####..@OS(.....#
#........###########
#######...######
.....###### [###.# .#
#.# .###.#####
.#.......# ##.#.###.#


You could see a two-headed ogre and an adder.

Vanquished Creatures
  A spriggan (D:7)
  Menkaure (D:5)
  An orc warrior (D:6)
  2 ogres (D:8)
  A centaur (D:7)
  A big kobold (D:8)
  2 bullfrogs (D:7)
  A wyvern skeleton (D:7)
  A scorpion (D:5)
  4 wights (D:8)
  3 crimson imps
  A quasit (D:5)
  A bullfrog skeleton (D:8)
  3 bullfrog zombies
  2 hounds (D:6)
  4 orc priests
  5 orc wizards
  A centaur skeleton (D:7)
  2 iguanas
  6 worker ants
  3 big kobold zombies (Ossuary)
  2 hound zombies
  4 hound skeletons
  3 mummies
  12 adders
  2 shadow imps
  2 oozes
  4 adder zombies (Ossuary)
  2 adder skeletons (D:8)
  4 worms
  6 dart slugs
  4 leopard geckos
  17 orcs
  3 ball pythons
  5 bats
  4 giant cockroaches
  3 gnoll zombies (Ossuary)
  9 goblins
  7 hobgoblins
  10 jackals
  11 kobolds
  4 quokkas
  6 frilled lizards
  4 hobgoblin zombies (Ossuary)
  A jackal skeleton (D:4)
  7 kobold zombies
  A leopard gecko zombie (D:5)
  2 orc zombies (Ossuary)
  A quokka skeleton (D:6)
  17 rats
203 creatures vanquished.

Vanquished Creatures (others)
  An orc wizard (D:6)
1 creature vanquished.

Grand Total: 204 creatures vanquished

Notes
Turn   | Place    | Note
-------+----------+-------------------------------------------
     0 | D:1      | tilp the Vine Stalker Assassin began the quest for the Orb.
     0 | D:1      | Reached XP level 1. HP: 11/11 MP: 2/2
    30 | D:1      | Reached skill level 5 in Stealth
    43 | D:1      | Reached skill level 2 in Short Blades
    72 | D:1      | Reached XP level 2. HP: 15/15 MP: 3/3
   333 | D:1      | Reached XP level 3. HP: 16/18 MP: 4/4
  1121 | D:2      | Gained mutation: Your natural rate of healing is unusually
                  | fast. [Vine Stalker growth]
  1121 | D:2      | Reached XP level 4. HP: 23/23 MP: 5/5
  1129 | D:2      | Reached skill level 3 in Short Blades
  1557 | D:2      | Reached XP level 5. HP: 17/26 MP: 3/6
  1595 | D:2      | Found a faded altar of an unknown god.
  1917 | D:2      | Found an ancient bone altar of Kikubaaqudgha.
  2371 | D:3      | You fall into a shaft and drop 1 floor!
  2984 | D:3      | Reached skill level 4 in Short Blades
  3189 | D:4      | Reached XP level 6. HP: 30/30 MP: 7/7
  3854 | D:5      | Entered Level 5 of the Dungeon
  3854 | D:5      | Noticed Menkaure
  3959 | D:5      | Found a sand-covered staircase.
  3979 | D:5      | Killed Menkaure
  3995 | Ossuary  | Entered an ossuary
  4083 | Ossuary  | Reached skill level 5 in Short Blades
  4083 | Ossuary  | Reached XP level 7. HP: 30/34 MP: 6/8
  4087 | Ossuary  | Reached skill level 1 in Dodging
  5888 | D:6      | Gained mutation: You have razor-sharp teeth. [Vine Stalker
                  | growth]
  5888 | D:6      | Reached XP level 8. HP: 40/40 MP: 9/9
  6507 | D:6      | Found a white marble altar of Elyvilon.
  6533 | D:7      | Reached skill level 6 in Short Blades
  6584 | D:7      | Found a hazy altar of Hepliaklqana.
  6654 | D:7      | Found an opulent altar of Gozag.
  6765 | D:7      | Reached skill level 7 in Short Blades
  6872 | D:7      | Noticed a spriggan baker
  6879 | D:7      | Killed a spriggan baker
  6879 | D:7      | Reached XP level 9. HP: 32/44 MP: 10/10
  7105 | D:7      | Found a staircase to the Ecumenical Temple.
  7122 | Temple   | Entered the Ecumenical Temple
  7210 | Temple   | Became a worshipper of Makhleb the Destroyer
  7235 | D:7      | Found a shadowy altar of Dithmenos.
  7309 | D:7      | Reached skill level 8 in Short Blades
  7649 | D:8      | Noticed a moth of wrath
  7652 | D:8      | Found a bloodstained altar of Trog.
  7750 | D:8      | HP: 1/44 [ogre/+0 giant club (12)]
  8030 | D:8      | Reached * piety under Makhleb
  8030 | D:8      | Reached skill level 9 in Short Blades
  8279 | D:8      | Found a radiant altar of Vehumet.
  8279 | D:8      | Found an ornate altar of the Wu Jian Council.
  8279 | D:8      | Noticed a two-headed ogre
  8469 | D:8      | Slain by a two-headed ogre

Levels and vault maps discovered:
D:1:      onia_arrival_larder, layout_loops_corners
D:2:      layout_basic, kiku_gazebo_pond_becter,
          chequers_ecumenical_altar_simple
D:3:      layout_basic, first_ration, chequers_mini_garden
D:4:      layout_gridville, nrook_uturn
D:5:      cheibrodos_helix_gallery, layout_layer_cave,
          nicolae_ossuary_entry_giza, uniq_menkaure
D:6:      layout_loops_ring, kennysheep_mini
D:7:      layout_basic, kennysheep_mini_moat, grunt_dithmenos_smoke_and_mirrors,
          nicolae_overflow_crystal_walls, temple_green, the_bakery
D:8:      layout_loops_cross, tgw_trog, gammafunk_temple_overflow_pools
Temple:   zaba_magenta_temple

Skill      XL: |  1  2  3  4  5  6  7  8  9 |
---------------+----------------------------+-----
Stealth        | 5 6 7 8 |  8.0
Short Blades   | 2 3 4 5 7 9 |  9.2
Dodging        | 3 4 |  4.2
Fighting       | 3 |  3.1
Throwing       | |  1.7

Action                   |  1- 3 |  4- 6 |  7- 9 || total
-------------------------+-------+-------+-------++-------
Melee: Dagger            |    82 |   170 |   191 ||   443
       Bite              |     9 |    46 |   166 ||   221
       Rapier            |       |       |   264 ||   264
Throw: Dart              |     5 |    17 |    27 ||    49
Evoke: Wand              |       |     5 |     8 ||    13
  Use: Scroll            |       |     3 |    13 ||    16
 Stab: Sleeping          |    14 |    21 |    13 ||    48
       Distracted        |     1 |       |       ||     1
  Eat: Chunk             |     1 |     8 |    14 ||    23
Armor: Robe              |    16 |    23 |    34 ||    73
       Chain mail        |       |       |   128 ||   128
Dodge: Dodged            |    28 |    64 |   223 ||   315

Table legend:
 A = Non-vault XP
 B = Vault XP
 C = Vault XP percentage of total XP
 D = Non-vault monster count
 E = Vault monster count
 F = Vault count percentage of total count
                 A         B        C        D         E       F
            +---------+---------+-------+---------+---------+-------
      Total |    2838 |     577 |  16.9 |     163 |      41 |  20.1
            +---------+---------+-------+---------+---------+-------
        D:1 |      59 |      12 |  16.9 |      32 |       8 |  20.0
        D:2 |     115 |       0 |   0.0 |      15 |       0 |   0.0
        D:3 |     120 |       0 |   0.0 |      26 |       0 |   0.0
        D:4 |      80 |       0 |   0.0 |      12 |       0 |   0.0
        D:5 |     403 |     192 |  32.3 |      17 |       4 |  19.0
        D:6 |     566 |       0 |   0.0 |      21 |       0 |   0.0
        D:7 |     711 |     211 |  22.9 |      19 |       1 |   5.0
        D:8 |     784 |       9 |   1.1 |      21 |       5 |  19.2
    Ossuary |       0 |     153 | 100.0 |       0 |      23 | 100.0
            +---------+---------+-------+---------+---------+-------
